 Dungeon Crawl Stone Soup version 0.28-a0-413-gde365fb1df (webtiles) character file.

Game seed: 16058395261047415490

203 Demosthentine the Poker (level 5, -1/42 HPs)
             Began as a Merfolk Gladiator on Sept 7, 2021.
             Slain by Natasha (5 damage)
             ... on level 3 of the Dungeon.
             The game lasted 00:02:05 (2498 turns).

Demosthentine the Poker (Merfolk Gladiator)         Turns: 2498, Time: 00:02:06

Health: -1/42      AC:  6    Str: 15    XL:     5   Next: 81%
Magic:  5/5        EV: 14    Int:  7    God:
Gold:   82         SH:  0    Dex: 16    Spells: 4/4 levels left

rFire   . . .      SeeInvis .   a - +0 trident
rCold   . . .      Faith    .   (no shield)
rNeg    + . .      Spirit   .   e - +0 leather armour {rN+}
rPois   .          Reflect  .   c - +1 helmet
rElec   .          Harm     .   o - +0 cloak
rCorr   .          Rampage  .   (no gloves)
Will    .....                   (no boots)
Stlth   +.........              (no amulet)
HPRegen 0.14/turn               (no ring)
MPRegen 0.09/turn               (no ring)

@: brilliant, slowed, very slow
A: (nimble swimmer 2), mertail
a: no special abilities


You were on level 3 of the Dungeon.
You visited 1 branch of the dungeon, and saw 3 of its levels.

You collected 82 gold pieces.

Inventory:

Hand Weapons
 a - a +0 trident (weapon)
Missiles
 d - 2 throwing nets (quivered)
Armour
 c - a +1 helmet (worn)
 e - a +0 leather armour of positive energy (worn)
 o - a +0 cloak (worn)
Wands
 g - a wand of flame (14)
Scrolls
 b - a scroll of teleportation {unknown}
Potions
 f - a potion of lignification
 h - 2 potions of brilliance
 i - a potion of might
 j - a potion of cancellation
 k - a potion of attraction
 l - a potion of curing {unknown}
 m - a potion of flight {unknown}
 n - a potion of ambrosia {unknown}


   Skills:
 + Level 3.6 Fighting
 + Level 5.9 Polearms
 - Level 2.0 Throwing
 + Level 1.8 Armour
 + Level 5.3 Dodging


You had 4 spell levels left.
You didn't know any spells.
Your spell library was empty.

Dungeon Overview and Level Annotations

Branches:
Dungeon (3/15)

Altars:

Annotations:
D:3 Natasha


Innate Abilities, Weirdness & Mutations

((You are quick and stealthy near water. (Stealth+, EV+, Speed+++)))
Your lower body shifts to a powerful aquatic tail in water.


Message History

Natasha is moderately wounded.
Natasha barely misses you.
You closely miss Natasha.
Natasha is moderately wounded.
Natasha closely misses you.
You hit Natasha.
Natasha is heavily wounded.
Natasha casts a spell at you.
You feel yourself slow down.
You hit Natasha but do no damage.
Natasha is heavily wounded.
Natasha claws you.
* * * LOW HITPOINT WARNING * * *
Unknown command.
You puncture Natasha!
Natasha is almost dead.
Natasha wildly gestures.
Natasha glows brightly for a moment.
Natasha casts a spell.
Natasha wildly gestures.
You feel troubled. Natasha casts a spell at you. The magic dart hits you.
* * * LOW HITPOINT WARNING * * *
You closely miss Natasha.
Natasha is almost dead.
Natasha claws you.
* * * LOW HITPOINT WARNING * * *
Unknown command.
You hit Natasha but do no damage.
Natasha is almost dead.
Natasha stares at you and mumbles some strange words.
The magic dart hits you.
* * * LOW HITPOINT WARNING * * *
Natasha claws you but does no damage.
Unknown command.
It was a potion of brilliance.
You feel clever all of a sudden. Natasha claws you.
You die...

#.######.# #.# #.# #.# #.#
#.####.# #.# #.####.#....#
#.######......#.####
#........######.########
#..####)................
#...........#...........
##......h#..#.#.......##
##......@..#.#..####.###
#.###>.................
#.........#.#..####.###
#...#####...[..###...#
#.........#.#....#...#
#..#......#..........#
########..#.##.#.#........#.###
#<........#......#........#.†..
#########.#..#...#........#....


You could see Natasha.

Vanquished Creatures
  Crazy Yiuf (D:2)
  Natasha (twice) (D:3)
  7 adders
  A worm (D:2)
  6 bats
  7 endoplasms
  2 giant cockroaches
  9 goblins
  3 hobgoblins
  2 kobolds
  4 quokkas
  6 ball pythons
  4 frilled lizards
  6 rats
60 creatures vanquished.

Notes
Turn   | Place    | Note
-------+----------+-------------------------------------------
     0 | D:1      | Demosthentine the Merfolk Gladiator began the quest for the
                  | Orb.
     0 | D:1      | Reached XP level 1. HP: 16/16 MP: 1/1
   188 | D:1      | Reached XP level 2. HP: 19/23 MP: 2/2
   576 | D:1      | Reached XP level 3. HP: 28/28 MP: 3/3
   868 | D:2      | Reached skill level 5 in Polearms
  1043 | D:2      | Reached skill level 1 in Armour
  1108 | D:2      | Found a runed translucent door.
  1109 | D:2      | Noticed Crazy Yiuf
  1224 | D:2      | Reached XP level 4. HP: 34/34 MP: 4/4
  1747 | D:2      | Killed Crazy Yiuf
  1748 | D:2      | Reached skill level 5 in Dodging
  1748 | D:2      | Reached XP level 5. HP: 31/41 MP: 5/5
  1878 | D:3      | Noticed Natasha
  1885 | D:3      | Killed Natasha
  2099 | D:3      | Noticed Natasha
  2110 | D:3      | Killed Natasha
  2331 | D:3      | Found a faded altar of an unknown god.
  2451 | D:3      | Noticed Natasha
  2498 | D:3      | Slain by Natasha

Illustrated notes

Levels and vault maps discovered:
D:1:      tarquinn_simple_flora_water_a, layout_rooms, minmay_pentomino_q4
D:2:      layout_loops_cross, dk_noncrumbling_4, minivault_4,
          uniq_crazy_yiuf_cottage
D:3:      layout_basic, shapermc_ecumenical_altar_totnotflames,
          chequers_serial_rivers_small_3, uniq_natasha

Skill      XL: |  1  2  3  4 |
---------------+-------------+-----
Polearms       | 5 |  5.9
Armour         | 1 |  1.8
Fighting       | 3 |  3.6
Dodging        | 5 |  5.3
Throwing       | |  2.0

Action                   |  1- 3 |  4- 6 || total
-------------------------+-------+-------++-------
Melee: Trident           |   105 |    91 ||   196
       Tailslap          |       |     2 ||     2
Throw: Throwing net      |       |     1 ||     1
  Use: Scroll            |     3 |     3 ||     6
       Potion            |       |     1 ||     1
 Stab: Sleeping          |     6 |     2 ||     8
       Distracted        |     3 |       ||     3
       Held in net/web   |       |     1 ||     1
Armor: Leather armour    |    24 |    13 ||    37
Dodge: Dodged            |    47 |    33 ||    80

Table legend: (Time is in decaauts)
 A = Elapsed time spent in this place.
 B = Non-inter-level travel time spent in this place.
 C = Inter-level travel time spent in this place.
 D = Time resting spent in this place.
 E = Time spent auto-exploring this place.
 F = Levels seen in this place.
 G = Mean time per level.
                   A        B        C        D        E       F      G
               +--------+--------+--------+--------+--------+-----+--------+
         Total |   2503 |   2375 |    128 |      0 |   1963 |   3 |  834.3 |
       Dungeon |   2503 |   2375 |    128 |      0 |   1963 |   3 |  834.3 |
               +--------+--------+--------+--------+--------+-----+--------+

Top non-repeatable levels by time:
     D:2: 1046 daAuts
     D:1: 826 daAuts
     D:3: 631 daAuts
